 Dungeon Crawl Stone Soup version 0.23.2-30-g0e89c35 (webtiles) character file.

Game seed: 1009591687439749091

1287 Fang the Skirmisher (level 8, -12/52 HPs)
             Began as a Gargoyle Berserker on June 12, 2019.
             Was a Priest of Trog.
             Mangled by an ogre
             ... wielding a +0 giant spiked club
              (23 damage)
             ... on level 6 of the Dungeon.
             The game lasted 00:04:56 (5285 turns).

Fang the Skirmisher (Gargoyle Berserker)            Turns: 5285, Time: 00:04:56

Health: -12/52     AC:  8    Str: 23    XL:     8   Next: 55%
Magic:  0/8        EV: 13    Int: 10    God:    Trog [***...]
Gold:   304        SH:  0    Dex:  9    Spells: 7/7 levels left

rFire    . . .     SeeInvis .   a - +0 war axe
rCold    . . .     Gourm    .   (no shield)
rNeg     + . .     Faith    .   b - +0 animal skin
rPois    ∞         Spirit   +   (no helmet)
rElec    +         Reflect  .   (no cloak)
rCorr    .         Harm     .   (no gloves)
MR       ++...                  (no boots)
Stlth    ..........             t - amulet of guardian spirit
HPRegen  1.17/turn              g - +2 ring of intelligence
MPRegen  0.11/turn              v - ring of attention (curse)

@: berserk cooldown, regenerating, slowed, very slow
A: negative energy resistance 1, electricity resistance, unbreathing,
petrification resistance, rot immunity, AC +5
a: Berserk, Trog's Hand, Renounce Religion


You were on level 6 of the Dungeon.
You worshipped Trog.
Trog was most pleased with you.
You were not hungry.

You visited 2 branches of the dungeon, and saw 7 of its levels.

You collected 304 gold pieces.

Inventory:

Hand Weapons
 a - a +0 war axe (weapon)
Armour
 b - a +0 animal skin (worn)
Jewellery
 g - a +2 ring of intelligence (left hand)
 t - an amulet of guardian spirit (around neck)
 v - a cursed ring of attention (right hand)
Wands
 k - a wand of paralysis (2)
 x - a wand of digging (5)
 y - a wand of enslavement (8)
Scrolls
 d - 5 scrolls of identify {unknown}
 e - a scroll of noise {unknown}
 h - 2 scrolls of fog {unknown}
 i - a scroll of enchant weapon {unknown}
 j - 3 scrolls of immolation {unknown}
 l - a scroll of enchant armour {unknown}
 n - 5 scrolls of remove curse {unknown}
 p - 2 scrolls of teleportation {unknown}
 s - 2 scrolls of magic mapping {unknown}
 w - a scroll of amnesia {unknown}
Potions
 f - a potion of invisibility {unknown}
 m - a potion of heal wounds {unknown}
 o - 2 potions of curing {unknown}
 q - a potion of haste {unknown}
 r - 2 potions of agility {unknown}
 u - a potion of brilliance {unknown}
Comestibles
 c - 6 rations
 z - 6 chunks of flesh


   Skills:
 + Level 6.5 Fighting
 + Level 5.2 Axes
 + Level 5.8 Armour
 + Level 4.4 Dodging


You had 7 spell levels left.
You didn't know any spells.
Your spell library was empty.

Dungeon Overview and Level Annotations

Branches:
Dungeon (6/15)             Temple (1/1) D:5

Altars:
Ashenzari
Hepliaklqana
Makhleb
Nemelex Xobeh
Okawaru
Qazlal
Ru
Sif Muna
Trog
Uskayaw
Vehumet
Xom
The Shining One

Annotations:
D:5 Dowan


Innate Abilities, Weirdness & Mutations

You are resistant to torment.
Your stone body is resilient. (AC +5)
You are immune to poison.
You resist negative energy. (rN+)
You are resistant to electric shocks. (rElec)
You can survive without breathing.
You are immune to petrification.
You are immune to rotting.


Message History

Eat one of 8 chunks of flesh? (ye/n/q)
You eat one of the 8 chunks of flesh.
This raw flesh tastes terrible.
You are feeling hungry.
The ogre closely misses you.
Eat one of 7 chunks of flesh? (ye/n/q)
You eat one of the 7 chunks of flesh.
This raw flesh tastes terrible.
The ogre hits you with a +0 giant spiked club!
* * * LOW HITPOINT WARNING * * *
The ogre closely misses you.
You feel the effects of Trog's Hand fading.
The ogre barely misses you.
The ogre hits you with a +0 giant spiked club!!
* * * LOW HITPOINT WARNING * * *
Your skin crawls.
You feel resistant to hostile enchantments.
You feel somewhat more hungry. The ogre closely misses you.
An orc and a centaur come into view.
The orc shouts!
The centaur shouts!
You hear a shout!
The ogre hits you with a +0 giant spiked club!!
You die...

...#########..................
....................##########
##.###### #.####...# ##.÷###
#.###..%## ###...#
####.##...##
#####.###........#######
..........#.###.........
########.##.# #.O...[... #
#.#..# #.@....... #
........!.....(..
#....####......... #...##
.......... ..... c...#######
####.# .##### .#o# ..


You could see an ogre, a centaur and an orc.

Vanquished Creatures
  Duvessa (D:6)
  An ice beast (D:5)
  A necrophage (D:5)
  A phantom (D:4)
  3 ogres
  A bullfrog (D:6)
  2 scorpions (D:5)
  A bullfrog zombie (D:5)
  2 hounds
  A jelly (D:5)
  Crazy Yiuf (D:5)
  2 centaur skeletons
  Ijyb (D:3)
  3 worker ants
  A worker ant zombie (D:5)
  7 gnolls
  4 adders (D:3)
  A shadow imp (D:5)
  3 worms
  A leopard gecko (D:2)
  5 orcs (D:3)
  3 giant cockroaches
  6 goblins
  5 hobgoblins
  8 jackals
  4 quokkas
  A ball python skeleton (D:4)
  7 bats
  5 frilled lizards
  8 kobolds
  A quokka skeleton (D:5)
  7 rats
  A fungus (D:5)
99 creatures vanquished.

Notes
Turn   | Place    | Note
-------+----------+-------------------------------------------
     0 | D:1      | Fang the Gargoyle Berserker began the quest for the Orb.
     0 | D:1      | Reached XP level 1. HP: 14/14 MP: 1/1
   384 | D:1      | Reached XP level 2. HP: 18/19 MP: 2/2
   959 | D:2      | Reached XP level 3. HP: 24/24 MP: 3/3
  1322 | D:2      | Reached XP level 4. HP: 13/29 MP: 4/4
  1658 | D:2      | Reached skill level 4 in Fighting
  1782 | D:2      | Found a burning altar of Makhleb.
  1817 | D:2      | Reached ** piety under Trog
  2102 | D:3      | Noticed Ijyb
  2108 | D:3      | Paralysed by Ijyb for 7 turns
  2122 | D:3      | Paralysed by Ijyb for 5 turns
  2130 | D:3      | Paralysed by Ijyb for 3 turns
  2135 | D:3      | Killed Ijyb
  2135 | D:3      | Reached XP level 5. HP: 33/33 MP: 5/5
  3026 | D:4      | Noticed an ogre
  3036 | D:4      | Killed an ogre
  3036 | D:4      | Reached XP level 6. HP: 39/39 MP: 6/6
  3214 | D:4      | Reached *** piety under Trog
  3251 | D:4      | Noticed a phantom
  3258 | D:4      | Reached skill level 5 in Fighting
  3292 | D:4      | Killed a phantom
  3292 | D:4      | Reached XP level 7. HP: 27/44 MP: 7/7
  3681 | D:5      | Entered Level 5 of the Dungeon
  4031 | D:5      | Reached skill level 5 in Armour
  4072 | D:5      | Reached XP level 8. HP: 15/51 MP: 1/8
  4368 | D:5      | Found a staircase to the Ecumenical Temple.
  4389 | Temple   | Entered the Ecumenical Temple
  4399 | D:5      | Reached skill level 6 in Fighting
  4724 | D:5      | Found a runed translucent door.
  4725 | D:5      | Noticed Crazy Yiuf
  4732 | D:5      | Killed Crazy Yiuf
  4823 | D:6      | Reached skill level 5 in Axes
  5252 | D:6      | Noticed Duvessa
  5253 | D:6      | Noticed Dowan
  5258 | D:6      | Killed Duvessa
  5285 | D:6      | Mangled by an ogre

Skill      XL: |  1  2  3  4  5  6  7  8 |
---------------+-------------------------+-----
Axes           | 3 4 5 |  5.2
Dodging        | 2 3 4 |  4.4
Armour         | 3 4 5 |  5.8
Fighting       | 4 5 6 |  6.5

Action                   |  1- 3 |  4- 6 |  7- 9 || total
-------------------------+-------+-------+-------++-------
Melee: Hand axe          |    94 |   198 |    24 ||   316
       War axe           |       |       |   105 ||   105
Invok: Berserk           |     2 |     1 |     5 ||     8
       Trog's Hand       |       |       |     2 ||     2
  Eat: Chunk             |     2 |     9 |     8 ||    19
       Ration            |       |       |     1 ||     1
Armor: Animal skin       |    33 |    76 |    32 ||   141
Dodge: Dodged            |    76 |   127 |   106 ||   309
